AoeStats
← Michi3052

Arabia

503860709Analyzed
1v1 RM · 1mo ago on Sep 2, 2026· 26m 17s· 2 players
Game mode
Random Map
Map size
Tiny (2 player)
Population
200
Speed
Normal
Resources
Standard
Victory
Conquest
Starting age
Dark Age
Ending age
Imperial Age
RankedLock teamsTeams togetherTeam positionsShared explorationLock speedFull tech treeHidden civsTurbo modeCheats
Victory
Defeat
🇨🇱 Japanese · Chile
752
+15
🇪🇸 Burmese · Spain
720
-15
Michi3052
11:38 Feudal Age
12:38 Man-at-Arms
17:06 Arson
19:28 Horse Collar
26:53 Castle Age
daniel.camilla1993
8:29 Loom
10:31 Feudal Age
12:19 Double-Bit Axe
12:17 Horse Collar
12:34 Man-at-Arms
15:20 Gold Mining
19:20 Castle Age
21:56 Gold Shaft Mining
22:16 Padded Archer Armor
23:15 Forging
23:10 Scale Barding Armor
26:43 Bloodlines
26:34 Husbandry
Connection lost

Rejoining the realm…

Still unreachable

The connection could not be restored.

Session expired

The server has moved on; the page needs a fresh start.